Map: Blackburn LE

Players

ViBE - Winner!

  • Race: Protoss Protoss
  • League: Diamond

wolfDiaz

  • Race: Terran Terran
  • League: Master

VOD

Have the link to the VOD?

Description

Time

  • Played on: April 27, 2021, 8:31 p.m.
  • Length: 8:27
Show
View Real Time Build Order
Export as new Build Order

ViBE Protoss - Winner!

Build Orders: 1 Gate Expand 

Get SALT Encoding   

  12  0:00  Probe  
  13  0:12  Probe  
  14  0:18  Pylon  
  14  0:24  Probe  
  15  0:37  Probe (Chrono Boost)  
  15  0:38  Gateway  
  16  0:47  Assimilator  
  16  0:49  Probe (Chrono Boost)  
  18  0:57  Probe (Chrono Boost)  
  18  1:03  Probe  
  19  1:15  Probe  
  20  1:26  Nexus  
  20  1:36  Cybernetics Core  
  20  1:37  Probe  
  21  1:49  Probe  
  22  1:57  Assimilator  
  22  1:58  Pylon  
  22  2:01  Probe  
  23  2:13  Warp Gate, Stalker (Chrono Boost)  
  23  2:16  Probe  
  26  2:27  Pylon  
  26  2:28  Probe  
  27  2:36  Sentry  
  29  2:40  Probe  
  29  2:44  Probe  
  31  2:52  Probe  
  31  2:56  Probe  
  33  3:00  Shield Battery  
  33  3:04  Probe  
  33  3:08  Probe  
  33  3:17  Probe (Chrono Boost)  
  34  3:20  Probe (Chrono Boost)  
  36  3:28  Probe (Chrono Boost)  
  36  3:29  Probe (Chrono Boost)  
  36  3:31  Gateway  
  36  3:33  Probe (Chrono Boost), Shield Battery  
  37  3:34  Probe (Chrono Boost)  
  37  3:36  Robotics Facility  
  36  3:57  Probe  
  36  3:58  Probe  
  37  4:09  Probe  
  38  4:10  Probe  
  38  4:15  Stalker  
  41  4:20  Immortal (Chrono Boost)  
  41  4:21  Probe  
  41  4:22  Probe  
  47  4:27  Stalker  
  49  4:34  Probe x2  
  51  4:41  Assimilator  
  51  4:42  Assimilator  
  51  4:44  Pylon  
  51  4:46  Probe x2  
  51  4:52  Pylon  
  53  4:56  Pylon  
  53  4:58  Probe  
  54  5:00  Immortal (Chrono Boost)  
  54  5:02  Probe  
  54  5:07  Sentry  
  61  5:10  Probe  
  61  5:12  Sentry  
  64  5:14  Probe  
  64  5:16  Shield Battery  
  65  5:22  Probe  
  65  5:27  Probe  
  67  5:28  Robotics Bay  
  67  5:32  Pylon  
  67  5:34  Probe  
  68  5:36  Pylon  
  68  5:39  Probe  
  69  5:43  Nexus  
  69  5:44  Pylon  
  69  5:46  Probe  
  70  5:53  Stalker x2  
  74  6:04  Probe x2  
  74  6:08  Observer (Chrono Boost)  
  77  6:16  Probe x2, Gateway  
  77  6:17  Gateway  
  77  6:18  Extended Thermal Lance  
  79  6:25  Colossus (Chrono Boost)  
  79  6:28  Probe x2  
  87  6:37  Shield Battery  
  87  6:39  Stalker x2  
  91  6:40  Probe x2  
  93  6:52  Probe  
  93  6:53  Probe  
  95  7:07  Stalker x2  
  99  7:15  Probe x3  
  101  7:16  Colossus, Shield Battery  
  108  7:23  Pylon  
  108  7:25  Pylon  
  108  7:28  Forge  
  108  7:30  Forge  
  108  7:31  Probe, Pylon  
  108  7:32  Twilight Council  
  108  7:35  Assimilator  
  108  7:36  Pylon  
  109  7:39  Pylon  
  109  7:40  Assimilator  
  109  7:47  Stalker x4  
  117  7:53  Probe x3  
  120  8:05  Probe x2  
  122  8:15  Pylon  
  122  8:25  Nexus  
  122  8:26  Pylon  
Show
View Real Time Build Order
Export as new Build Order

wolfDiaz Terran 

Build Orders:  

Get SALT Encoding   

  12  0:00  SCV  
  13  0:12  SCV  
  14  0:17  Supply Depot  
  14  0:24  SCV  
  15  0:38  SCV  
  15  0:40  Barracks  
  16  0:46  Refinery  
  16  0:51  SCV  
  17  1:03  SCV  
  18  1:15  SCV  
  18  1:16  Barracks  
  19  1:30  Barracks Reactor  
  19  1:32  Orbital Command  
  19  1:50  Barracks  
  19  1:58  Bunker  
  19  2:05  Barracks Tech Lab, SCV  
  19  2:07  Marine x2  
  22  2:11  Supply Depot  
  22  2:20  SCV  
  23  2:23  Stimpack  
  23  2:32  Bunker  
  23  2:33  Marine  
  23  2:35  Marine  
  25  2:38  Marine  
  25  2:45  Marine  
  25  2:48  SCV  
  29  2:51  Marauder  
  29  3:00  SCV, Supply Depot  
  29  3:02  Marine  
  31  3:10  Marine  
  31  3:17  Marine  
  31  3:22  SCV, Marine  
  32  3:29  Marine x2  
  34  3:34  SCV  
  34  3:40  Marauder  
  34  3:59  Marine x3  
  35  4:07  Marine  
  35  4:08  SCV  
  36  4:14  Factory  
  35  4:18  Supply Depot  
  35  4:20  Barracks Reactor, Command Center  
  35  4:24  Combat Shield  
  35  4:32  Marauder  
  35  4:36  Marine  
  35  4:37  Refinery  
  38  4:44  SCV  
  39  4:56  SCV, Marine x2  
  39  4:57  Marine  
  43  5:04  Starport  
  43  5:06  Factory Reactor  
  43  5:08  SCV  
  44  5:17  Marauder  
  44  5:20  SCV  
  47  5:32  Orbital Command, SCV, Marine  
  49  5:42  Concussive Shells  
  49  5:45  SCV  
  49  5:49  Medivac  
  52  5:52  Marine x2  
  52  5:53  Marine  
  52  5:56  Medivac  
  52  5:57  SCV  
  58  5:59  SCV  
  58  6:00  Refinery  
  59  6:09  Marauder, SCV  
  62  6:14  Supply Depot  
  62  6:17  Factory Reactor  
  62  6:18  SCV  
  63  6:24  SCV  
  64  6:30  SCV  
  65  6:33  Marauder, Marine x2  
  65  6:37  Supply Depot  
  69  6:41  Marine x2  
  69  6:42  Medivac  
  69  6:44  SCV  
  69  6:45  SCV  
  61  7:08  Marine  
  61  7:09  Marauder, Marine x2  
  61  7:13  Widow Mine x2  
  68  7:21  SCV x2, Medivac x2  
  74  7:29  Marine x2  
  75  7:30  Marine x2  
  75  7:32  Marauder  
  75  7:36  Widow Mine x2  
  84  7:41  SCV, Supply Depot  
  84  7:42  SCV  
  86  8:02  Marine x2  
  94  8:10  Supply Depot  
  94  8:14  Supply Depot  
Tags
 
Add a new tag
Caveats
  • Supply blocks, unpowered buildings, or Contaminate may cause inaccurate times.
  • Supply counts are checked every 10 seconds.